 Dungeon Crawl Stone Soup version 0.29-a0-294-g83ea962da3 (webtiles) character file.

Game seed: 16978678584384440059

3 namelastname112 the Sneak (level 1, -5/17 HPs)
             Began as a Draconian Brigand on Mar 18, 2022.
             Slain by a gnoll
             ... wielding a +0 spear
              (6 damage)
             ... on level 1 of the Dungeon.
             The game lasted 00:00:07 (31 turns).

namelastname112 the Sneak (Draconian Brigand)         Turns: 31, Time: 00:00:07

Health: -5/17      AC:  5    Str: 13    XL:     1   Next: 41%
Magic:  1/1        EV: 11    Int: 11    God:
Gold:   0          SH:  0    Dex: 12    Spells: 0/0 levels left

rFire   . . .      SeeInvis .   a - +2 dagger
rCold   . . .      Faith    .   (no shield)
rNeg    . . .      Spirit   .   (body armour unavailable)
rPois   .          Reflect  .   (helmet restricted)
rElec   .          Harm     .   b - +0 cloak
rCorr   .          Rampage  .   (no gloves)
Will    .....                   (no boots)
Stlth   ++........              (no amulet)
HPRegen 0.05/turn               (no ring)
MPRegen 0.07/turn               (no ring)

@: no status effects
A: AC +4, unfitting armour, cold-blooded
a: no special abilities


You were on level 1 of the Dungeon.
You visited 1 branch of the dungeon, and saw 1 of its levels.

Inventory:

Hand Weapons
 a - a +2 dagger (weapon)
Missiles
 c - 9 poisoned darts (quivered)
 d - 3 curare-tipped darts
Armour
 b - a +0 cloak (worn)
Scrolls
 e - a scroll of enchant armour {unknown}


   Skills:
 + Level 2.2 Fighting
 + Level 2.0 Short Blades
 + Level 1.8 Throwing
 + Level 1.0 Dodging
 + Level 3.6 Stealth


You couldn't memorise any spells.
You didn't know any spells.
Your spell library was empty.

Dungeon Overview and Level Annotations

Branches:
Dungeon (1/15)

Altars:


Innate Abilities, Weirdness & Mutations

Your plain brown scales are hard. (AC +4)
You cannot fit into any form of body armour.
You are cold-blooded and may be slowed by cold attacks.


Message History

You perforate the giant cockroach like a sieve!
The giant cockroach is almost dead!
The giant cockroach closely misses you!
You spit the giant cockroach like a pig!
You annihilate the giant cockroach!!!
The hobgoblin hits you!
You take 3 damage, and have 14/17 hp!
You closely miss the hobgoblin!
The hobgoblin hits you but does no damage!
The gnoll hits you from afar with a +0 spear!
You take 4 damage, and have 10/17 hp!
MASSIVE DAMAGE!!!!!!
There are monsters nearby!!!
There are monsters nearby!!!
You closely miss the hobgoblin! The hobgoblin closely misses you!
The gnoll hits you but does no damage!
A rat comes into view!
You stick the hobgoblin like a pincushion!
You tail-slap the hobgoblin!
You annihilate the hobgoblin!!!
The gnoll misses you!
Your Dodging skill increases to level 1!!!
The gnoll hits you with a +0 spear!
You see here a hobgoblin corpse!
You take 3 damage, and have 7/17 hp!
You are too injured to fight recklessly!!!
You barely miss the gnoll!
Your tail-slap misses the gnoll!
The gnoll closely misses you!
You spit the gnoll like a pig!
Your tail-slap misses the gnoll!
The gnoll is heavily wounded!
The gnoll hits you but does no damage!
You perforate the gnoll like a sieve!
The gnoll is severely wounded!
The gnoll hits you with a +0 spear! * * * don't die
* * * You take 6 damage, and have 1/17 hp!
MASSIVE DAMAGE!!!!!!
You aren't carrying any potions!
You stick the gnoll but do no damage!
The gnoll is severely wounded!
The gnoll hits you with a +0 spear! rip

..... # . #...### 8
..###.....## #
............### # 8
... .....#....#.. ##
...####........$#
8######............#
#8#8#8#.# ##...††..#
......#.###.....@r.#
..###.'.##..###..g.#
......#.#..####.##..#
#8#8#8#.........#
#...
8######.#.#######
##... ## .....# .. 8
#..#### . # ##. 8 #.


You could see a gnoll and a rat.

Vanquished Creatures
  A giant cockroach (D:1)
  A hobgoblin (D:1)
  A frilled lizard (D:1)
3 creatures vanquished.

Notes
Turn   | Place    | Note
-------+----------+-------------------------------------------
     0 | D:1      | namelastname112 the Draconian Brigand began the quest for
                  | the Orb.
     0 | D:1      | Reached XP level 1. HP: 17/17 MP: 1/1
    27 | D:1      | Reached skill level 1 in Dodging
    31 | D:1      | Slain by a gnoll

Illustrated notes

Levels and vault maps discovered:
D:1:      heliophobic_arrival_ceremonial_halls, layout_rooms

Skill      XL: |  1 |
---------------+----+-----
Dodging        | 1 |  1.0
Fighting       | |  2.2
Short Blades   | |  2.0
Throwing       | |  1.8
Stealth        | |  3.6

Action                   || total
-------------------------++-------
Melee: Dagger            ||    10
       Tailslap          ||     1
Armor: Skin              ||     4
Dodge: Dodged            ||     5

Table legend: (Time is in decaauts)
 A = Elapsed time spent in this place.
 B = Non-inter-level travel time spent in this place.
 C = Inter-level travel time spent in this place.
 D = Time resting spent in this place.
 E = Time spent auto-exploring this place.
 F = Levels seen in this place.
 G = Mean time per level.
                   A        B        C        D        E       F      G
               +--------+--------+--------+--------+--------+-----+--------+
         Total |     30 |     30 |      0 |      0 |     13 |   1 |   30.0 |
       Dungeon |     30 |     30 |      0 |      0 |     13 |   1 |   30.0 |
               +--------+--------+--------+--------+--------+-----+--------+

Top non-repeatable levels by time:
     D:1: 30 daAuts
